 Dungeon Crawl Stone Soup version 0.28-a0-622-gbaef9634d7 (webtiles) character file.

Game seed: 12870172059316670776

42 sleeves the Slasher (level 3, 29/29 HPs)
             Began as a Demonspawn Fighter on Oct 7, 2021.
             Was a Follower of Jiyva.
             Quit the game on level 2 of the Dungeon.
             The game lasted 00:01:13 (1664 turns).

sleeves the Slasher (Demonspawn Fighter)            Turns: 1664, Time: 00:01:14

Health: 29/29      AC:  8    Str: 17    XL:     3   Next: 35%
Magic:  3/3        EV:  9    Int:  9    God:    Jiyva [*.....]
Gold:   78         SH:  9    Dex: 12    Spells: 2/2 levels left

rFire   . . .      SeeInvis .   a - +0 long sword
rCold   . . .      Faith    .   c - +0 buckler
rNeg    . . .      Spirit   .   b - +0 scale mail
rPois   .          Reflect  +   (no helmet)
rElec   .          Harm     .   (no cloak)
rCorr   .          Rampage  .   (no gloves)
Will    .....                   (no boots)
Stlth   ..........              f - amulet of reflection
HPRegen 0.09/turn               (no ring)
MPRegen 0.08/turn               (no ring)

@: no status effects
A: thin metallic scales 1, demonic magic 1
a: Renounce Religion, Request Jelly


You were on level 2 of the Dungeon.
You worshipped Jiyva.
Jiyva was aware of your devotion.
You visited 1 branch of the dungeon, and saw 2 of its levels.

You collected 78 gold pieces.

Inventory:

Hand Weapons
 a - a +0 long sword (weapon)
Armour
 b - a +0 scale mail (worn)
 c - a +0 buckler (worn)
Magical Staves
 e - a staff of death
   (You found it on level 1 of the Dungeon)
Jewellery
 f - an amulet of reflection (around neck)
   (You found it on level 1 of the Dungeon)
 p - a +6 ring of intelligence
   (You found it on level 2 of the Dungeon)
 q - a +4 ring of protection
   (You found it on level 2 of the Dungeon)
Scrolls
 g - a scroll of summoning {unknown}
 k - a scroll of immolation {unknown}
 m - 2 scrolls of identify {unknown}
 o - 2 scrolls of teleportation {unknown}
Potions
 d - a potion of might
 h - a potion of curing {unknown}
 i - a potion of invisibility {unknown}
 j - a potion of ambrosia {unknown}
 l - a potion of magic {unknown}
 n - a potion of heal wounds {unknown}


   Skills:
 - Level 3.0 Fighting
 + Level 3.5 Long Blades
 - Level 2.6 Armour
 - Level 2.6 Shields


You had 2 spell levels left.
You didn't know any spells.
Your spell library was empty.

Dungeon Overview and Level Annotations

Branches:
Dungeon (2/15)

Altars:
Cheibriados
Jiyva


Innate Abilities, Weirdness & Mutations

You are partially covered in thin metallic scales. (AC +2)
Spells you cast may paralyse adjacent enemies.


Message History

Welcome, sleeves the Demonspawn Fighter.
Will you prevail where others failed? Will you find the Orb of Zot?
Press ? for a list of commands and other information.
Found a staircase leading out of the dungeon.
You open the door.
There is an open door here.
You open the door.
There is an open door here.
Found a weird jewelled staff.
A quokka comes into view.
A quokka is nearby!
You closely miss the quokka. The quokka bites you.
You block the quokka's attack.
You hit the quokka.
The quokka is moderately wounded.
The quokka bites you.
You closely miss the quokka.
The quokka is moderately wounded.
The quokka bites you. You block the quokka's attack.
You slash the quokka!
You kill the quokka!
No target in view!
No target in view!
No target in view!
No target in view!
No target in view!
HP restored.
A kobold comes into view. It is wielding a +0 short sword.
The kobold shouts!
The kobold throws a stone.
The stone hits you but does no damage.
You see here a staff of death.
A kobold is nearby!
A kobold is nearby!
A kobold is nearby!
The kobold hits you but does no damage.
You slash the kobold!
You kill the kobold!
Your Long Blades skill increases to level 2!
No target in view!
No target in view!
No target in view!
No target in view!
No target in view!
No target in view!
No target in view!
No target in view!
No target in view!
No target in view!
Things that are here:
a +0 short sword; 2 stones; a kobold corpse
e - a staff of death You see here a quokka corpse.
Found a scale mail.
No target in view!
No target in view!
No target in view!
No target in view!
No target in view!
No target in view!
No target in view!
No target in view!
A ball python comes into view.
The ball python hisses angrily.
A ball python is nearby!
A ball python is nearby!
You barely miss the ball python. The ball python misses you.
The ball python grabs you. The ball python constricts you.
You hit the ball python.
You kill the ball python!
No target in view!
No target in view!
No target in view!
No target in view!
No target in view!
No target in view!
A ball python comes into view.
The ball python hisses angrily.
A ball python is nearby!
Found a dented garnet amulet.
You closely miss the ball python.
The ball python bites you but does no damage.
You block the ball python's attack. The ball python bites you.
The ball python grabs you. The ball python constricts you.
You barely miss the ball python. The ball python barely misses you.
The ball python constricts you.
You closely miss the ball python. The ball python bites you.
The ball python constricts you.
The ball python bites you but does no damage.
The ball python constricts you.
Your scale mail prevents you from hitting the ball python.
The ball python bites you but does no damage.
The ball python constricts you. The ball python completely misses you.
The ball python constricts you.
You slash the ball python!
You kill the ball python!
No target in view!
No target in view!
A frilled lizard comes into view.
The frilled lizard hisses angrily.
A frilled lizard is nearby!
No target in view!
No target in view!
No target in view!
No target in view!
No target in view!
No target in view!
No target in view!
A frilled lizard is nearby!
The frilled lizard bites you but does no damage.
You closely miss the frilled lizard. The frilled lizard closely misses you.
You closely miss the frilled lizard. You block the frilled lizard's attack.
You closely miss the frilled lizard.
The frilled lizard bites you but does no damage.
The frilled lizard bites you.
You closely miss the frilled lizard. The frilled lizard barely misses you.
You miss the frilled lizard. The frilled lizard barely misses you.
You slash the frilled lizard!
You kill the frilled lizard!
No target in view!
No target in view!
No target in view!
f - an amulet of reflection You start putting on your amulet.
You continue putting on your amulet of reflection. x5
You finish putting on your amulet of reflection.
You feel a shielding aura gather around you.
f - an amulet of reflection (around neck)
Found a stone staircase leading down.
An endoplasm comes into view.
The endoplasm quivers.
An endoplasm is nearby!
The endoplasm freezes you.
You are frozen.
You hit the endoplasm.
The endoplasm is moderately wounded.
The endoplasm freezes you.
You are frozen.
* * * LOW HITPOINT WARNING * * *
You are too injured to fight recklessly!
You are too injured to fight recklessly!
You are too injured to fight recklessly!
You are too injured to fight recklessly!
You are too injured to fight recklessly!
You are too injured to fight recklessly!
You are too injured to fight recklessly!
An endoplasm is nearby!
An endoplasm is nearby!
You hit the endoplasm.
The endoplasm is almost dead.
The endoplasm freezes you.
You are frozen.
* * * LOW HITPOINT WARNING * * *
You hit the endoplasm.
You kill the endoplasm!
A kobold comes into view. It is wielding a +0 dagger.
The kobold shouts!
There is a stone staircase leading down here.
You start resting.
A kobold is nearby!
A kobold is nearby!
A kobold is nearby!
A kobold is nearby!
A kobold is nearby!
A kobold is nearby!
A kobold is nearby!
A kobold is nearby!
You start resting.
A kobold is nearby!
Found 7 gold pieces.
A kobold is nearby!
The kobold hits you but does no damage.
You barely miss the kobold. The kobold hits you with a +0 dagger.
* * * LOW HITPOINT WARNING * * *
You hit the kobold.
You kill the kobold!
Things that are here:
a +0 dagger; 5 stones A goblin comes into view.
It is wielding a +0 club.
A goblin is nearby!
A goblin is nearby!
A goblin is nearby!
You are too injured to fight recklessly!
You start resting.
HP restored.
You now have 7 gold pieces.
g - a scroll labelled PAEZ XEQIACROTH A goblin is nearby!
A goblin is nearby!
The goblin shouts!
You hear an angry hiss.
A ball python comes into view.
You hit the goblin.
The goblin is heavily wounded.
The goblin hits you but does no damage.
You slash the goblin!
You kill the goblin!
You have reached level 2!
Your demonic ancestry asserts itself...
Thin metallic scales grow over part of your body.
You block the ball python's attack. x2
You slash the ball python!
You kill the ball python!
No target in view!
No target in view!
No target in view!
No target in view!
No target in view!
No target in view!
No target in view!
No target in view!
h - a viscous cyan potion You see here a +0 club.
You see here a ball python corpse.
Found a falchion.
A kobold comes into view. It is wielding a +0 dagger.
The kobold shouts!
A kobold is nearby!
The kobold hits you but does no damage.
You hit the kobold.
You kill the kobold!
No target in view!
No target in view!
No target in view!
No target in view!
No target in view!
No target in view!
No target in view!
No target in view!
You see here a +0 dagger.
Found a stone staircase leading down.
A hobgoblin comes into view.
A hobgoblin is nearby!
You barely miss the hobgoblin. The hobgoblin barely misses you.
You hit the hobgoblin but do no damage. The hobgoblin barely misses you.
You hit the hobgoblin.
The hobgoblin is heavily wounded.
You block the hobgoblin's attack.
You hit the hobgoblin but do no damage.
The hobgoblin is heavily wounded.
The hobgoblin barely misses you.
The hobgoblin hits you but does no damage.
You slash the hobgoblin!
You kill the hobgoblin!
No target in view!
No target in view!
No target in view!
You now have 15 gold pieces (gained 8).
You see here a +0 leather armour.
Found 23 bolts.
You see here 23 bolts.
A dart slug comes into view.
The dart slug closely misses you.
You hit the dart slug.
The dart slug is heavily wounded.
You block the dart slug's attack.
You slash the dart slug!
You kill the dart slug!
No target in view!
No target in view!
No target in view!
No target in view!
You see here a dart slug corpse.
You see here a +0 scale mail.
A frilled lizard and a jackal come into view.
The frilled lizard moves out of view.
A jackal is nearby!
A jackal is nearby! 2 jackals come into view.
The jackal barks!
You hear a bark!
A jackal comes into view.
You block the jackal's attack. x2
You hit the jackal.
The jackal is moderately wounded.
The jackal closely misses you. You block the jackal's attack.
You hit the jackal.
The jackal is severely wounded.
The jackal bites you but does no damage.
The jackal barely misses you.
You barely miss the jackal.
The jackal is severely wounded.
The jackal bites you but does no damage.
The frilled lizard barely misses you. You block the jackal's attack.
The frilled lizard barely misses you.
You hit the jackal.
You kill the jackal!
You block the frilled lizard's attack. You block the jackal's attack.
The jackal closely misses you.
You closely miss the jackal. The jackal barely misses you.
You block the jackal's attack.
The frilled lizard bites you but does no damage.
You block the jackal's attack.
You slash the jackal!
You kill the jackal!
You block the frilled lizard's attack. The jackal closely misses you.
The jackal bites you but does no damage.
The frilled lizard bites you but does no damage.
You hit the jackal but do no damage. You block the jackal's attack.
The jackal barely misses you. The jackal bites you.
You block the frilled lizard's attack.
You closely miss the jackal. The jackal barely misses you.
The jackal bites you. The frilled lizard closely misses you.
You block the jackal's attack.
The jackal bites you but does no damage.
You block the jackal's attack. The jackal closely misses you.
The jackal barely misses you.
The jackal bites you but does no damage.
You closely miss the jackal.
The jackal bites you but does no damage.
You block the jackal's attack.
You completely miss the jackal. You block the jackal's attack.
You barely miss the jackal.
The jackal bites you but does no damage.
You block the jackal's attack.
You barely miss the jackal.
The jackal bites you but does no damage.
You block the jackal's attack.
You hit the jackal.
The jackal is severely wounded.
The jackal bites you but does no damage. x2
You miss the jackal.
The jackal is severely wounded.
You block the jackal's attack.
You hit the jackal.
You kill the jackal!
The jackal bites you but does no damage.
You closely miss the jackal. You block the jackal's attack.
You closely miss the jackal. You block the jackal's attack.
The jackal barely misses you.
You hit the jackal but do no damage. The jackal barely misses you. x2
You miss the jackal. The jackal barely misses you.
You block the jackal's attack.
You barely miss the jackal.
The jackal bites you but does no damage.
You block the jackal's attack.
You slash the jackal!
You kill the jackal!
You hit the frilled lizard.
You kill the frilled lizard!
Your Long Blades skill increases to level 3!
You swing at nothing.
You swing at nothing.
You swing at nothing.
You swing at nothing.
Things that are here:
a frilled lizard corpse; a jackal corpse
i - a murky black potion
Found a stone staircase leading down.
Found a dagger.
No target in view!
No target in view!
No target in view!
No target in view!
No target in view!
No target in view!
No target in view!
There is a stone staircase leading down here.
You see here a +0 dagger.
You see here a +0 dagger.
There is a stone staircase leading down here.
Done exploring.
Done exploring.
Done exploring.
Done exploring.
No target in view!
(D) Dungeon
Where to? (? - help)
There is a stone staircase leading down here.
You climb downwards.
There is a stone staircase leading up here.
j - a coppery potion You now have 24 gold pieces (gained 9).
Found a mace.
Found a stone staircase leading down.
No target in view!
You see here a +0 mace.
Found 14 stones.
There is a stone staircase leading down here.
You open the door.
There is an open door here.
Found a club.
Found 23 arrows.
No target in view!
No target in view!
No target in view!
No target in view!
No target in view!
No target in view!
No target in view!
No target in view!
A frilled lizard comes into view.
The frilled lizard hisses angrily.
A frilled lizard is nearby!
A frilled lizard is nearby!
You miss the frilled lizard. You block the frilled lizard's attack.
The frilled lizard barely misses you.
You hit the frilled lizard.
You kill the frilled lizard!
No target in view!
No target in view!
No target in view!
No target in view!
No target in view!
No target in view!
No target in view!
A bat comes into view.
A bat is nearby!
A bat is nearby!
A rat comes into view.
You block the bat's attack.
The rat moves out of view.
No target in view!
No target in view!
No target in view!
No target in view!
No target in view!
No target in view!
No target in view!
No target in view!
A bat comes into view.
The bat moves out of view.
There are monsters nearby!
The bat hits you but does no damage.
Found a fizzy emerald potion.
You block the bat's attack. x2
You hit the bat.
The bat is moderately wounded.
The bat closely misses you. You block the bat's attack.
The bat hits you but does no damage. You block the bat's attack.
The bat hits you.
Your scale mail prevents you from hitting the bat.
The bat is moderately wounded.
You block the bat's attack. The bat closely misses you.
The rat barely misses you. The rat completely misses you.
You hit the rat.
You kill the rat!
The bat hits you but does no damage. x3
You miss the bat. The bat hits you but does no damage.
The bat closely misses you.
You closely miss the bat.
The bat is moderately wounded.
You block the bat's attack. The bat barely misses you.
The bat hits you but does no damage.
Your shield and scale mail prevent you from hitting the bat.
The bat hits you but does no damage. The bat barely misses you.
The bat hits you but does no damage. The bat hits you. The bat misses you.
There are monsters nearby!
There are monsters nearby!
You hit the bat but do no damage.
The bat is moderately wounded.
The bat hits you but does no damage. You block the bat's attack. x2
The bat hits you but does no damage.
You barely miss the bat. The bat hits you but does no damage.
You block the bat's attack.
You closely miss the bat. The bat hits you but does no damage. x2
The bat hits you.
Your scale mail prevents you from hitting the bat.
The bat hits you but does no damage. You block the bat's attack.
You closely miss the bat. The bat hits you but does no damage.
You block the bat's attack. The bat barely misses you.
You block the bat's attack. The bat hits you but does no damage.
You hit the bat.
You kill the bat!
You block the bat's attack. The bat barely misses you.
You block the bat's attack. The bat hits you but does no damage.
You see here a rat corpse.
You hit the bat.
You kill the bat!
No target in view!
No target in view!
No target in view!
No target in view!
HP restored.
k - a scroll labelled AHAWUA DEEPN
l - a fizzy emerald potion No target in view!
No target in view!
No target in view!
No target in view!
No target in view!
No target in view!
No target in view!
Found 9 arrows.
Found a snail-covered altar of Cheibriados.
A ball python comes into view.
The ball python hisses angrily.
The ball python bites you but does no damage.
The ball python grabs you. The ball python constricts you.
The ball python bites you. The ball python constricts you.
You slash the ball python!
You kill the ball python!
No target in view!
No target in view!
No target in view!
No target in view!
No target in view!
No target in view!
No target in view!
No target in view!
No target in view!
You open the door.
Found a stone staircase leading down.
Found an escape hatch in the floor.
You now have 39 gold pieces (gained 15).
m - 2 scrolls labelled ALYZOSK SOINA No target in view!
No target in view!
No target in view!
No target in view!
No target in view!
No target in view!
No target in view!
No target in view!
n - an orange potion
o - a scroll labelled KIGOISTR ASUAGG No target in view!
No target in view!
No target in view!
No target in view!
No target in view!
No target in view!
No target in view!
A bat comes into view.
Found a stone staircase leading up.
The bat barely misses you.
A bat is nearby!
A bat is nearby!
You slash the bat!
You kill the bat!
No target in view!
No target in view!
No target in view!
No target in view!
No target in view!
No target in view!
No target in view!
No target in view!
No target in view!
No target in view!
A hobgoblin comes into view.
The hobgoblin shouts!
You see here a bat corpse.
A hobgoblin is nearby!
A hobgoblin is nearby!
Found 11 gold pieces.
A goblin comes into view. It is wielding a +1 dagger of pain.
The goblin shouts!
You slash the hobgoblin!
You kill the hobgoblin!
Found 10 gold pieces.
You closely miss the goblin. The goblin hits you but does no damage.
You closely miss the goblin. You block the goblin's attack.
You barely miss the goblin. The goblin hits you but does no damage.
You block the goblin's attack.
You closely miss the goblin. The goblin hits you but does no damage.
You writhe in agony.
You closely miss the goblin. The goblin hits you but does no damage.
You slash the goblin!
You kill the goblin!
You have reached level 3!
Your experience leads to an increase in your attributes!
Increase (S)trength, (I)ntelligence, or (D)exterity?
You feel stronger.
Your demonic ancestry asserts itself...
A menacing aura infuses your magic.
Things that are here:
a +1 dagger of pain; a goblin corpse Your library has no spells.
You now have 57 gold pieces (gained 18).
You now have 68 gold pieces (gained 11).
You now have 78 gold pieces (gained 10).
An adder comes into view.
The adder hisses angrily.
An adder is nearby!
An adder is nearby!
An adder is nearby!
You closely miss the adder. You block the adder's attack. The adder bites you.
You barely miss the adder. You block the adder's attack.
The adder bites you but does no damage.
You miss the adder. The adder bites you.
Your scale mail prevents you from hitting the adder.
The adder barely misses you. You block the adder's attack.
You closely miss the adder. The adder barely misses you.
You block the adder's attack.
You barely miss the adder. The adder barely misses you.
You closely miss the adder. The adder bites you but does no damage.
The adder barely misses you.
You closely miss the adder. The adder barely misses you.
The adder closely misses you.
You slash the adder!
The adder is almost dead.
You block the adder's attack.
An adder is nearby!
An adder is nearby!
An adder is nearby!
You hit the adder.
You kill the adder!
No target in view!
No target in view!
No target in view!
No target in view!
A worm comes into view.
A worm is nearby!
A worm is nearby!
Found a scroll labelled KIGOISTR ASUAGG.
You block the worm's attack.
Your scale mail prevents you from hitting the worm.
You block the worm's attack.
You slash the worm!
The worm is heavily wounded.
You slash the worm!
The worm is almost dead.
You block the worm's attack.
You slash the worm!
You kill the worm!
No target in view!
No target in view!
No target in view!
No target in view!
No target in view!
No target in view!
No target in view!
No target in view!
No target in view!
No target in view!
o - 2 scrolls labelled KIGOISTR ASUAGG (gained 1)
Found a stone staircase leading down.
p - a +6 ring of intelligence
Found an escape hatch in the ceiling.
There is a stone staircase leading down here.
q - a +4 ring of protection No target in view!
No target in view!
No target in view!
No target in view!
No target in view!
No target in view!
No target in view!
No target in view!
No target in view!
No target in view!
Key pressed, stopping explore.
You open the door.
Found a faded altar of an unknown god.
There is an open door here.
As you open the door, it creaks loudly!
There is an open door here.
There is a faded altar of an unknown god here.
There is an open door here.
There is an open door here.
A ball python comes into view.
The ball python hisses angrily.
The ball python barely misses you. You block the ball python's attack.
You completely miss the ball python.
The ball python bites you but does no damage.
You block the ball python's attack.
You closely miss the ball python. The ball python barely misses you.
The ball python grabs you. The ball python constricts you.
The ball python bites you but does no damage.
The ball python constricts you.
You closely miss the ball python.
The ball python bites you but does no damage.
The ball python constricts you.
You closely miss the ball python. The ball python completely misses you.
The ball python constricts you. The ball python bites you.
The ball python constricts you.
You hit the ball python.
The ball python is moderately wounded.
The ball python bites you but does no damage.
The ball python constricts you.
You closely miss the ball python.
The ball python is moderately wounded.
The ball python barely misses you. The ball python constricts you.
You block the ball python's attack. The ball python constricts you.
A ball python is nearby!
A ball python is nearby!
You hit the ball python.
You kill the ball python!
No target in view!
No target in view!
No target in view!
No target in view!
No target in view!
No target in view!
Found a stone staircase leading up.
There is an open door here.
There is an open door here.
There is a faded altar of an unknown god here.
Partly explored, can't reach some places.
Partly explored, can't reach some places.
Partly explored, can't reach some places.
No target in view!
There is a faded altar of an unknown god here.
You cannot tell which god this altar belongs to.
Convert to them anyway?
Jiyva accepts your prayer! Jiyva welcomes you! Jiyva grants you a jelly!
You can now request a jelly.
Partly explored, can't reach some places.
Partly explored, can't reach some places.
No target in view!
Partly explored, can't reach some places.
Partly explored, can't reach some places.
Are you sure you want to abandon this character and quit the game? (Confirm with "yes".)
Okay, then.
Are you sure you want to abandon this character and quit the game? (Confirm with "yes".)

#.#..........########.#
#######.#...................#
#......#####'#.....###########
#......#.....#................
#......#.###8#.....###########
#......#.#...#.....#
#......#.#.#J##....#
#......#.'P#.P##...#
############.@.##### ##PP#
##.# #... #8### #.. #+#


You could see a neutral jelly (wandering) (fellow slime).

Vanquished Creatures
  An adder (D:2)
  A worm (D:2)
  A dart slug (D:1)
  An endoplasm (D:1)
  2 goblins
  2 hobgoblins
  4 jackals (D:1)
  3 kobolds (D:1)
  A quokka (D:1)
  5 ball pythons
  3 bats (D:2)
  3 frilled lizards
  A rat (D:2)
28 creatures vanquished.

Notes
Turn   | Place    | Note
-------+----------+-------------------------------------------
     0 | D:1      | sleeves the Demonspawn Fighter began the quest for the Orb.
     0 | D:1      | Reached XP level 1. HP: 18/18 MP: 1/1
   107 | D:1      | Reached skill level 2 in Long Blades
   357 | D:1      | HP: 8/18 [frozen (5)]
   375 | D:1      | HP: 8/18 [kobold (1)]
   573 | D:1      | Gained mutation: You are partially covered in thin metallic
                  | scales. (AC +2) [demonic ancestry]
   573 | D:1      | Reached XP level 2. HP: 24/24 MP: 2/2
   770 | D:1      | Reached skill level 3 in Long Blades
  1206 | D:2      | Found a snail-covered altar of Cheibriados.
  1341 | D:2      | Gained mutation: Spells you cast may paralyse adjacent
                  | enemies. [demonic ancestry]
  1341 | D:2      | Reached XP level 3. HP: 29/29 MP: 3/3
  1556 | D:2      | Found a faded altar of an unknown god.
  1663 | D:2      | Became a worshipper of Jiyva Jiovyran the Shapeless
  1663 | D:2      | Reached * piety under Jiyva
  1664 | D:2      | Quit the game

Illustrated notes

Levels and vault maps discovered:
D:1:      elethiomel_arrival_quiet, layout_loops_ring, hangedman_feature_mirror,
          feat_on_display
D:2:      layout_basic, basic_altar, shapermc_ecumenical_altar_ellora

Skill      XL: |  1  2 |
---------------+-------+-----
Long Blades    | 2 3 |  3.5
Fighting       | |  3.0
Armour         | |  2.6
Shields        | |  2.6

Action                   || total
-------------------------++-------
Melee: Long sword        ||   101
Armor: Scale mail        ||    54
Dodge: Dodged            ||    48
Block: Buckler           ||    59

Table legend: (Time is in decaauts)
 A = Elapsed time spent in this place.
 B = Non-inter-level travel time spent in this place.
 C = Inter-level travel time spent in this place.
 D = Time resting spent in this place.
 E = Time spent auto-exploring this place.
 F = Levels seen in this place.
 G = Mean time per level.
                   A        B        C        D        E       F      G
               +--------+--------+--------+--------+--------+-----+--------+
         Total |   1695 |   1656 |     39 |    153 |   1223 |   2 |  847.5 |
       Dungeon |   1695 |   1656 |     39 |    153 |   1223 |   2 |  847.5 |
               +--------+--------+--------+--------+--------+-----+--------+

Top non-repeatable levels by time:
     D:1: 1050 daAuts
     D:2: 644 daAuts
